 Dungeon Crawl Stone Soup version 0.19.4-25-g1b72edd (webtiles) character file.

160 JeffiDaFish the Shield-Bearer (level 5, -3/33 HPs)
             Began as a Gargoyle Fighter on Feb 28, 2017.
             Killed from afar by an orc wizard (9 damage)
             ... with a magic dart
             ... on level 4 of the Dungeon.
             The game lasted 00:05:21 (2179 turns).

JeffiDaFish the Shield-Bearer (Gargoyle Fighter)    Turns: 2179, Time: 00:05:22

Health: -3/33      AC: 12    Str: 24 (25) XL:     5   Next: 41%
Magic:  5/5        EV:  8    Int:  7 (8)  God:
Gold:   91         SH:  9    Dex:  7 (10) Spells: 0 memorised, 4 levels left

rFire  . . .     SeeInvis .     a - +0 flail
rCold  . . .     Gourm    .     b - +0 scale mail
rNeg   + . .     Faith    .     c - +0 shield
rPois  ∞         Spirit   .     (no helmet)
rElec  +         Reflect  .     (no cloak)
rCorr  .         Harm     .     (no gloves)
MR     .....                    g - +0 pair of boots
Stlth  ..........               (no amulet)
                                (no ring)
                                (no ring)

@: mighty
A: hooves 1, blink, high mp 1, negative energy resistance 1, electricity
resistance, unbreathing, petrification resistance, rot immunity, AC +4
a: Blink


You were on level 4 of the Dungeon.
You were hungry.

You visited 1 branch of the dungeon, and saw 4 of its levels.

You collected 91 gold pieces.

Inventory:

Hand Weapons
 a - a +0 flail (weapon)
Armour
 b - a +0 scale mail (worn)
 c - a +0 shield (worn)
 g - a +0 pair of boots (worn)
Scrolls
 e - 2 scrolls of remove curse
 l - 4 scrolls of identify
 m - a scroll of amnesia
 n - 2 scrolls of teleportation
Potions
 d - a potion of might
 k - 2 potions of agility
Comestibles
 f - 2 bread rations
 h - a slice of pizza
 j - a beef jerky


   Skills:
 + Level 4.0 Fighting
 + Level 3.5 Maces & Flails
 + Level 3.8 Armour
 + Level 0.7 Dodging
 + Level 4.3 Shields


You had 4 spell levels left.
You didn't know any spells.

Dungeon Overview and Level Annotations

Branches:
Dungeon (4/15)
 Temple: D:4-7

Altars:


Innate Abilities, Weirdness & Mutations

You are resistant to torment.
Your stone body is resilient. (AC +4)
You are immune to poison.
You resist negative energy. (rN+)
You are resistant to electric shocks. (rElec)
You can survive without breathing.
You are immune to petrification.
You are immune to rotting.
You have large cloven feet.
You can translocate small distances at will.
You have an increased reservoir of magic. (+10% MP)


Message History

The orc wizard casts a spell at you. The magic dart hits you!
* * * LOW HITPOINT WARNING * * *
The orc wizard casts a spell at you. You resist with some effort.
The orc wizard casts a spell.
The orc wizard blinks!
Okay, then.
You block the orc wizard's attack.
You feel very mighty all of a sudden. You block the orc wizard's attack.
You sock the orc wizard!
The orc wizard is almost dead.
The orc wizard curses repeatedly.
The orc wizard hits you but does no damage.
The orc wizard gestures wildly while chanting.
The orc wizard blinks!
The orc wizard casts a spell at you. The magic dart hits you!
You die...

...#.# #########..#.#####
#.........>...?..#
#.###.#####.§....###. ........#
#......# ...##...# #......# ..
#...# #....os# . #...# ###.##o#
#...# #.##@# #...# #.##.####
#...# #. #....# ..... .. #.)..+
### ###### ####....##########.#
...................#
######################.#
#########......# #####.#
........#.####.###########.....#


You could see a scorpion and 2 orc wizards.

Vanquished Creatures
  An orc priest (D:4)
  Jessica (D:3)
  3 adders
  An ooze (D:2)
  2 worms (D:2)
  4 dart slugs
  3 leopard geckos
  11 bats
  A giant cockroach (D:2)
  10 goblins
  8 hobgoblins
  2 quokkas (D:2)
  2 frilled lizards
  5 kobolds
  3 rats
57 creatures vanquished.

Notes
Turn   | Place    | Note
-------+----------+-------------------------------------------
     0 | D:1      | JeffiDaFish the Gargoyle Fighter began the quest for the Orb.
     0 | D:1      | Reached XP level 1. HP: 14/14 MP: 1/1
   220 | D:1      | Reached XP level 2. HP: 17/19 MP: 2/2
   783 | D:2      | Reached XP level 3. HP: 21/23 MP: 3/3
  1223 | D:2      | Reached XP level 4. HP: 29/29 MP: 4/4
  1512 | D:2      | Gained mutation: You have large cloven feet. [potion of mutation]
  1512 | D:2      | Gained mutation: You can translocate small distances at will. [potion of mutation]
  1512 | D:2      | Gained mutation: You have an increased reservoir of magic. (+10% MP) [potion of mutation]
  1811 | D:3      | Noticed Jessica
  1821 | D:3      | Killed Jessica
  1821 | D:3      | Reached XP level 5. HP: 28/33 MP: 5/5
  2179 | D:4      | Killed from afar by an orc wizard

Skill      XL: |  1  2  3  4 |
---------------+-------------+-----
Shields        | 4 |  4.3
Fighting       | 4 |  4.0
Maces & Flails | 3 |  3.5
Armour         | |  3.8
Dodging        | |  0.7

Action                   |  1- 3 |  4- 6 || total
-------------------------+-------+-------++-------
Melee: Flail             |   161 |   124 ||   285
  Use: Potion            |     4 |     3 ||     7
       Scroll            |     3 |     3 ||     6
  Eat: Chunk             |     1 |     3 ||     4
Armor: Scale mail        |    78 |    73 ||   151
Dodge: Dodged            |    52 |    40 ||    92
Block: Shield            |    98 |    81 ||   179
